 Dungeon Crawl Stone Soup version 0.25.0-1-g7eea58d (webtiles) character file.

Game seed: 11902551133155332155

5451 Illumine the Fighter (level 10, 0/91 HPs)
             Began as a Minotaur Chaos Knight on June 25, 2020.
             Was a Plaything of Xom.
             Slain by an orc warrior
             ... wielding a +0 trident of flaming
              (3 damage)
             ... on level 9 of the Dungeon.
             The game lasted 00:13:22 (7752 turns).

Illumine the Fighter (Minotaur Chaos Knight)        Turns: 7752, Time: 00:13:23

Health: 0/91       AC: 19    Str: 20    XL:     10   Next: 41%
Magic:  0/9        EV:  8    Int:  9    God:    Xom [.....*]
Gold:   188        SH: 11    Dex: 10    Spells: 9/9 levels left

rFire    . . .     SeeInvis .   a - +0 hand axe (chaos)
rCold    . . .     Gourm    .   j - +0 kite shield
rNeg     . . .     Faith    .   z - +0 chain mail
rPois    +         Spirit   +   (helmet restricted)
rElec    .         Reflect  .   E - +0 cloak (curse)
rCorr    .         Harm     .   p - +1 pair of gloves
MR       .....                  (no boots)
Stlth    ..........             q - amulet of guardian spirit
HPRegen  0.25/turn              g - +4 ring of protection
MPRegen  0.11/turn              K - ring of poison resistance

@: cleaving
A: retaliatory headbutt, horns 2
a: Renounce Religion


You were on level 9 of the Dungeon.
You worshipped Xom.
You were Xom's teddy bear.
You were not hungry.

You visited 1 branch of the dungeon, and saw 9 of its levels.

You collected 488 gold pieces.
You spent 300 gold pieces at shops.

Inventory:

Hand Weapons
 a - a +0 hand axe of chaos (weapon)
 x - the +5 mace "Sugiq" {protect, rC+ Dex+5}
   (You found it on level 5 of the Dungeon)

   It grants its wielder temporary protection when it strikes (+7 to AC).
   It affects your dexterity (+5).
   It protects you from cold.
Missiles
 r - 6 boomerangs (quivered)
 O - 6 boomerangs of dispersal
Armour
 j - a +0 kite shield (worn)
 p - a +1 pair of gloves (worn)
 u - a +0 ring mail
 v - a +0 cloak
 z - a +0 chain mail (worn)
 E - a cursed +0 cloak (worn)
Jewellery
 g - a +4 ring of protection (left hand)
 q - an amulet of guardian spirit (around neck)
 H - an uncursed ring of see invisible
 K - a ring of poison resistance (right hand)
 M - an uncursed ring of flight {unknown}
Wands
 h - a wand of polymorph (6)
 y - a wand of iceblast (6)
 A - a wand of flame (17)
 G - a wand of enslavement (9)
Scrolls
 b - 2 scrolls of identify
 e - 4 scrolls of teleportation
 o - a scroll of noise
 B - 2 scrolls of remove curse
 D - 3 scrolls of enchant weapon {unknown}
 F - 2 scrolls of amnesia
 J - a scroll of blinking {unknown}
 L - a scroll of immolation {unknown}
Potions
 d - a potion of curing
 f - 4 potions of might
 i - 3 potions of cancellation
 k - 2 potions of flight {unknown}
 l - a potion of invisibility {unknown}
 m - a potion of mutation
 n - a potion of degeneration {unknown}
 s - 4 potions of stabbing
 t - a potion of lignification {unknown}
 w - 3 potions of heal wounds
 C - a potion of haste
 I - 2 potions of ambrosia {unknown}
Comestibles
 c - 15 rations
 N - 7 chunks of flesh


   Skills:
 + Level 9.4 Fighting
 - Level 5.9(7.9) Axes
 + Level 8.0(8.9) Maces & Flails
 + Level 9.1 Armour
 + Level 5.4 Dodging
 + Level 8.5 Shields


You had 9 spell levels left.
You didn't know any spells.
Your spell library contained the following spells:

 Spells                   Type           Power        Failure   Level  Hunger
 Corpse Rot               Necr/Air       N/A          100%        2    ###....
 Sublimation of Blood     Necr           #.........   100%        2    ###....
 Confusing Touch          Hex            #.......     100%        3    ####...
 Gell's Gravitas          Tloc           #.........   100%        3    ####...
 Dispel Undead            Necr           #.......     100%        4    #####..
 Petrify                  Tmut/Erth      #.......     100%        4    #####..
 Agony                    Necr           #.......     100%        5    ######.
 Excruciating Wounds      Chrm/Necr      #.........   100%        5    ######.
 Metabolic Englaciation   Hex/Ice        #.........   100%        5    ######.
 Yara's Violent Unravell  Hex/Tmut       #.........   100%        5    ######.


Dungeon Overview and Level Annotations

Branches:
Dungeon (9/15)             Temple (0/1) D:6             Orc (0/2) D:9
   Lair: D:8-11

Altars:
Dithmenos
Kikubaaqudgha
Qazlal
Trog
Uskayaw
Zin

Shops:
D:5 =   D:8 [


Innate Abilities, Weirdness & Mutations

You reflexively headbutt those who attack you in melee.
You have a pair of horns on your head.


Message History

Unknown command.
You hit the orc warrior. You freeze the orc warrior.
Your headbutt misses the orc warrior.
The orc warrior is heavily wounded.
The orc warrior hits you but does no damage.
You hit the orc warrior. Your headbutt misses the orc warrior.
The orc warrior is severely wounded.
The orc warrior hits you with a +0 trident of flaming.
* * * LOW HITPOINT WARNING * * *
The orc warrior burns you.
* * * LOW HITPOINT WARNING * * *
Unknown command.
You hit the orc warrior but do no damage.
The orc warrior looks even sicker.
The orc warrior is severely wounded.
The orc warrior hits you with a +0 trident of flaming.
* * * LOW HITPOINT WARNING * * *
The orc warrior burns you.
You die... "Huh?
Did I miss anything?"

................
....>...........
................
.............._...
...............:..
######'...............
).......####.....o.#######.
................@.†........
)...............).)........
)..........................
.....##########............
.....# .......#............
.....# .......#............
.....###......#............
.......#......#....########
.....÷.#......#....#


You could see an orc warrior (strong, very poisoned, drained).

Vanquished Creatures
  A two-headed ogre (D:8)
  Joseph (D:7)
  A kobold demonologist (D:8)
  A hippogriff (D:8)
  Prince Ribbit (D:6)
  Sigmund (D:5)
  A spriggan (D:7)
  A hungry ghost (D:8)
  2 ice beasts
  2 orc warriors
  A phantom (D:6)
  2 sky beasts
  3 ogres
  2 centaurs (D:7)
  3 big kobolds (D:8)
  6 bullfrogs
  2 scorpions (D:4)
  Dowan (D:6)
  6 killer bees
  4 wights (D:6)
  A crimson imp (D:8)
  A bullfrog zombie (D:8)
  3 bullfrog skeletons
  A centaur zombie (D:7)
  7 hounds
  A centaur skeleton (D:8)
  3 orc priests
  2 iguanas
  5 orc wizards
  5 worker ants
  A killer bee zombie (D:7)
  A worker ant zombie (D:3)
  A howler monkey skeleton (D:7)
  9 gnolls
  10 adders
  5 shadow imps
  An ooze (D:2)
  An adder zombie (D:8)
  6 leopard geckos
  21 orcs
  5 giant cockroaches
  9 goblins
  7 hobgoblins
  6 jackals
  8 quokkas
  2 ball pythons
  8 bats
  A frilled lizard (D:2)
  34 kobolds
  8 kobold skeletons (D:8)
  8 kobold zombies (D:8)
  A quokka skeleton (D:4)
  A quokka zombie (D:7)
  7 rats
232 creatures vanquished.

Vanquished Creatures (others)
  Duvessa (D:6)
  A phantom (D:6)
  A bat (D:1)
  A kobold skeleton (D:8)
  A kobold zombie (D:8)
5 creatures vanquished.

Grand Total: 237 creatures vanquished

Notes
Turn   | Place    | Note
-------+----------+-------------------------------------------
     0 | D:1      | Illumine the Minotaur Chaos Knight began the quest for the
                  | Orb.
     0 | D:1      | Reached XP level 1. HP: 19/19 MP: 0/0
   141 | D:1      | XOM: noise
   304 | D:1      | XOM: silly message
   307 | D:1      | XOM: cast spell 'Call Canine Familiar'
   310 | D:1      | Reached XP level 2. HP: 23/27 MP: 1/1
   444 | D:1      | XOM: divination: detect creatures
   528 | D:1      | XOM: silly message
   708 | D:1      | XOM is BORED!
   805 | D:2      | Reached XP level 3. HP: 15/33 MP: 2/2
   810 | D:2      | Found an ancient bone altar of Kikubaaqudgha.
  1090 | D:2      | Found a hide-covered altar of Uskayaw.
  1387 | D:2      | XOM: silly message
  1460 | D:2      | XOM: silly message
  1547 | D:3      | Reached skill level 1 in Shields
  1633 | D:3      | Reached XP level 4. HP: 30/40 MP: 3/3
  2066 | D:3      | Reached skill level 5 in Axes
  2179 | D:3      | XOM: potion effect (invisibility)
  2181 | D:3      | Reached XP level 5. HP: 47/47 MP: 4/4
  2297 | D:3      | XOM: silly message
  2331 | D:3      | XOM: silly message
  2402 | D:3      | XOM: silly message
  2452 | D:3      | XOM: silly message
  2610 | D:3      | Found a glowing silver altar of Zin.
  2779 | D:4      | Got a distressingly furry leather armour
  2790 | D:4      | Identified the +1 leather armour of Yesterday {+Inv MR-
                  | rCorr} (You found it on level 4 of the Dungeon)
  2796 | D:4      | Reached XP level 6. HP: 49/55 MP: 3/5
  2839 | D:4      | XOM: silly message
  2910 | D:4      | Found a stormy altar of Qazlal.
  2911 | D:4      | Noticed an ice beast
  2925 | D:5      | Entered Level 5 of the Dungeon
  2998 | D:5      | Got a scorched mace
  3005 | D:5      | Identified the +5 mace "Sugiq" {protect, rC+ Dex+5} (You
                  | found it on level 5 of the Dungeon)
  3065 | D:5      | XOM: divination: detect creatures
  3077 | D:5      | Noticed Sigmund
  3079 | D:5      | Found an ancient bone altar of Kikubaaqudgha.
  3079 | D:5      | XOM: potion effect (brilliance)
  3082 | D:5      | Reached skill level 5 in Fighting
  3084 | D:5      | XOM: silly message
  3089 | D:5      | Killed Sigmund
  3089 | D:5      | Reached skill level 1 in Maces & Flails
  3205 | D:5      | XOM: silly message
  3221 | D:5      | Reached XP level 7. HP: 60/61 MP: 4/6
  3484 | D:5      | Found Pikaleneoth's Jewellery Boutique.
  3561 | D:6      | Noticed Prince Ribbit
  3563 | D:6      | XOM: potion effect (might)
  3565 | D:6      | Killed Prince Ribbit
  3565 | D:6      | Reached skill level 5 in Armour
  3954 | D:6      | XOM: potion effect (stabbing)
  3970 | D:6      | XOM: potion effect (haste)
  3975 | D:6      | Reached XP level 8. HP: 71/71 MP: 7/7
  4017 | D:6      | Noticed Dowan
  4026 | D:6      | Killed Dowan
  4026 | D:6      | Reached skill level 5 in Shields
  4045 | D:6      | XOM: divination: detect creatures
  4056 | D:6      | Found a staircase to the Ecumenical Temple.
  4070 | D:6      | XOM: divination: detect creatures
  4175 | D:6      | Killed Duvessa
  4181 | D:6      | XOM: divination: detect items
  4360 | D:6      | Reached skill level 5 in Maces & Flails
  4461 | D:6      | XOM: silly message
  4698 | D:7      | XOM: potion effect (heal wounds)
  4830 | D:7      | XOM: divination: detect creatures
  4959 | D:7      | XOM: silly message
  5011 | D:7      | Reached XP level 9. HP: 80/80 MP: 8/8
  5110 | D:7      | XOM: potion effect (stabbing)
  5281 | D:4      | XOM: silly message
  5395 | D:4      | Found a shadowy altar of Dithmenos.
  5466 | D:4      | XOM: god gift: 29 gold pieces
  5700 | D:5      | Bought an uncursed ring of poison resistance for 300 gold
                  | pieces
  5804 | D:7      | XOM: potion effect (brilliance)
  5984 | D:7      | Noticed Joseph
  5993 | D:7      | XOM: potion effect (invisibility)
  6006 | D:7      | Killed Joseph
  6023 | D:7      | XOM: cloud trail
  6542 | D:8      | XOM: silly message
  6578 | D:8      | Found an ancient bone altar of Kikubaaqudgha.
  6578 | D:8      | Noticed a kobold demonologist
  6579 | D:8      | Noticed a smoke demon
  6587 | D:8      | XOM: potion effect (haste)
  6613 | D:8      | Killed a kobold demonologist
  6613 | D:8      | Reached XP level 10. HP: 42/90 MP: 6/9
  6975 | D:8      | XOM: divination: detect creatures
  7213 | D:8      | Noticed a two-headed ogre
  7227 | D:8      | Killed a two-headed ogre
  7227 | D:8      | Reached skill level 5 in Dodging
  7235 | D:8      | XOM: potion effect (invisibility)
  7298 | D:8      | XOM: silly message
  7443 | D:8      | Found Qim Xieg's Antique Armour Shop.
  7491 | D:8      | XOM: silly message
  7621 | D:9      | XOM: god gift: 6 boomerangs of dispersal
  7698 | D:9      | XOM: cleaving
  7731 | D:9      | Found a bloodstained altar of Trog.
  7731 | D:9      | Found a staircase to the Orcish Mines.
  7752 | D:9      | HP: 3/91 [orc warrior/+0 trident of flaming (4)]
  7752 | D:9      | Slain by an orc warrior

Illustrated notes

Levels and vault maps discovered:
D:1:      minmay_arrival_loop, layout_loops_ring, serial_forest,
          infiniplex_forest_zigzag_2, infiniplex_forest_lined_3,
          infiniplex_forest_zigzag_2, infiniplex_forest_lined_2,
          infiniplex_forest_straight_3, infiniplex_forest_zigzag_1,
          infiniplex_forest_lined_3, minmay_pentomino_t2
D:2:      layout_loops_ring, eat_drink_and_be_merry_uskayaw,
          lemuel_crystal_altar, hangedman_abyss_or_decor_lesser_grid,
          minmay_misc_feat_four_crosses
D:3:      minmay_octagon_keep, layout_basic, zin_statuary
D:4:      layout_rooms, lemuel_doored_altar, grunt_qazlal_sundering
D:5:      layout_cave_pools, serial_shops, kennysheep_mini_moat, first_ration,
          basic_altar, uniq_sigmund
D:6:      layout_cave_pods, minmay_temple_entry_stoned_glass,
          lemuel_flame_loot_1, uniq_prince_ribbit1, uniq_duvessa
D:7:      layout_layer_cave, the_bakery, st_stairs_4, uniq_joseph
D:8:      wander_kiku_kobolds, layout_basic, serial_shops, kennysheep_mini
D:9:      layout_irregular_city, overflow_temple_1_default,
          lemuel_zombie_altar_yredelemnul, overflow_temple_1_default,
          david_orc_3, basic_altar

Skill      XL: |  1  2  3  4  5  6  7  8  9 10 |
---------------+-------------------------------+-----
Axes           | 4 5 |  5.9
Fighting       | 4 5 6 7 8 9 |  9.4
Armour         | 3 4 5 7 8 9 |  9.1
Shields        | 1 2 3 4 6 7 8 |  8.5
Maces & Flails | 2 4 5 7 8 |  8.0
Dodging        | 2 4 5 |  5.4

Action                   |  1- 3 |  4- 6 |  7- 9 | 10-12 || total
-------------------------+-------+-------+-------+-------++-------
Melee: Hand axe          |    77 |    93 |    28 |    30 ||   228
       Headbutt          |     8 |    18 |    67 |    31 ||   124
       Mace              |       |    11 |   278 |    82 ||   371
Throw: Boomerang         |       |       |     4 |     2 ||     6
  Use: Scroll            |       |     9 |     5 |       ||    14
       Potion            |       |       |       |     1 ||     1
 Stab: Invisible         |       |     3 |     2 |     4 ||     9
       Paralysed         |       |       |     3 |       ||     3
       Petrified         |       |       |       |     1 ||     1
  Eat: Chunk             |     2 |     5 |    13 |     1 ||    21
       Ration            |       |       |     1 |       ||     1
Armor: Leather armour    |    31 |    10 |    10 |       ||    51
       Ring mail         |       |    31 |       |       ||    31
       Chain mail        |       |       |   200 |    62 ||   262
Dodge: Dodged            |    30 |    59 |   108 |    52 ||   249
Block: Kite shield       |    17 |    43 |   199 |   106 ||   365
